 Dungeon Crawl Stone Soup version 0.23.0 (webtiles) character file.

Game seed: 2524813960194445043

385924 DrEnzyme the Axe Maniac (level 22, -11/220 HPs)
             Began as a Minotaur Fighter on Feb 10, 2019.
             Was the Champion of Makhleb.
             Mangled by a stone giant (25 damage)
             ... on level 4 of the Depths.
             The game lasted 01:13:19 (36273 turns).

DrEnzyme the Axe Maniac (Minotaur Fighter)         Turns: 36273, Time: 01:13:19

Health: -11/220    AC: 25    Str: 30    XL:     22   Next: 0%
Magic:  29/29      EV: 18    Int:  5    God:    Makhleb [******]
Gold:   398        SH:  4    Dex: 16    Spells: 21/21 levels left

rFire    + + .     SeeInvis +   a - +4 battleaxe (flame)
rCold    + . .     Gourm    .   (shield currently unavailable)
rNeg     . . .     Faith    .   Y - +0 fire dragon scales
rPois    +         Spirit   .   P - +2 hat
rElec    .         Reflect  +   D - +2 cloak {+Inv}
rCorr    .         Harm     .   h - +2 pair of gloves
MR       +++..                  V - +0 pair of boots of Freedom {rF+ rC+ MR+ Regen+}
Stlth    ..........             A - amulet of Isuixt {Reflect Str+2 Dex+3 Slay+2 SH+4}
HPRegen  0.00/turn              B - ring "Xymem" {Ice rPois Str+2 SInv}
MPRegen  0.21/turn              (no ring)

@: very slightly contaminated, studying Transmutations
A: retaliatory headbutt, horns 2, magic resistance 1, inhibited regeneration,
weak 1
}: 2/15 runes: decaying, serpentine
a: Minor Destruction, Lesser Servant of Makhleb, Major Destruction, Greater
Servant of Makhleb, Renounce Religion, Evoke Invisibility


You were on level 4 of the Depths.
You worshipped Makhleb.
Makhleb was exalted by your worship.
You were not hungry.

You visited 8 branches of the dungeon, and saw 40 of its levels.
You also visited: Sewer, Gauntlet and Ice Cave.

You collected 4762 gold pieces.
You spent 4364 gold pieces at shops.

Inventory:

Hand Weapons
 a - a +4 battleaxe of flaming (weapon)
 b - a +1 battleaxe of freezing
Missiles
 x - 10 javelins of returning (quivered)
Armour
 h - a +2 pair of gloves (worn)
 o - the +4 scale mail of Happiness {*Drain rElec rC+ Int+9}
   (You found it on level 2 of the Depths)

   It affects your intelligence (+9).
   It protects you from cold.
   It insulates you from electricity.
   It causes draining when unequipped.
 y - the +6 chain mail of the Lost Path {rF+ rC+ MR- Int+3}
   (You bought it in a shop on level 15 of the Dungeon)

   It affects your intelligence (+3).
   It protects you from fire.
   It protects you from cold.
   It affects your resistance to hostile enchantments.
 D - a +2 cloak of invisibility (worn)
 E - the +4 scale mail "Zoyrrousm" {+Blink rN+ Regen+}
   (You found it on level 6 of the Dungeon)

   It protects you from negative energy.
   It lets you blink.
   It increases your rate of regeneration.
 P - a +2 hat (worn)
 Q - a +3 plate armour of poison resistance
 S - the +2 pair of boots of the Assassin {Detection Stab+ Stlth++}
   (You found it on level 3 of the Elven Halls)

   It makes you much more stealthy.
 V - the +0 pair of boots of Freedom (worn) {rF+ rC+ MR+ Regen+}
   (You acquired it on level 15 of the Dungeon)

   It protects you from fire.
   It protects you from cold.
   It affects your resistance to hostile enchantments.
   It increases your rate of regeneration.
 Y - +0 fire dragon scales (worn)
Jewellery
 c - the ring of Oneplut {rF- Str+5 Dex+3 Stlth-}
   (You found it in a Gauntlet)

   [ring of attention]

   It affects your strength (+5).
   It affects your dexterity (+3).
   It makes you vulnerable to fire.
   It makes you less stealthy.
 r - an uncursed ring of protection from magic
 A - the amulet of Isuixt (around neck) {Reflect Str+2 Dex+3 Slay+2 SH+4}
   (You bought it in a shop on level 2 of the Orcish Mines)

   [amulet of reflection]

   It shields you and reflects attacks.
   It affects your strength (+2).
   It affects your dexterity (+3).
   It affects your accuracy and damage with ranged weapons and melee attacks
   (+2).
   It affects your SH (+4).
 B - the ring "Xymem" (left hand) {Ice rPois Str+2 SInv}
   (You bought it in a shop on level 2 of the Orcish Mines)

   [ring of ice]

   It enhances your ice magic.
   It affects your strength (+2).
   It makes you vulnerable to fire.
   It protects you from cold.
   It protects you from poison.
   It lets you see invisible.
 O - a +2 ring of protection {unknown}
 R - an uncursed ring of protection from fire
 T - an uncursed ring of poison resistance
 W - the amulet of Kimn {Reflect Int+2 Slay+4 SH+2}
   (You found it on level 3 of the Snake Pit)

   [amulet of reflection]

   It shields you and reflects attacks.
   It affects your intelligence (+2).
   It affects your accuracy and damage with ranged weapons and melee attacks
   (+4).
   It affects your SH (+2).
Wands
 k - a wand of paralysis (8)
 I - a wand of digging (13)
 J - a wand of iceblast (13)
 N - a wand of acid (6)
Scrolls
 g - 20 scrolls of remove curse
 i - a scroll of identify
 m - 2 scrolls of summoning
 q - 2 scrolls of brand weapon
 w - 17 scrolls of teleportation
 C - 5 scrolls of fog
 F - 6 scrolls of magic mapping
 K - 3 scrolls of blinking
 L - 3 scrolls of enchant armour
 X - 2 scrolls of fear
Potions
 d - 3 potions of might
 e - 3 potions of invisibility
 j - 2 potions of heal wounds
 l - 3 potions of haste
 n - 2 potions of resistance
 p - 12 potions of curing
 u - 6 potions of lignification
 v - a potion of ambrosia
 z - 2 potions of berserk rage
 H - a potion of agility
 U - 2 potions of cancellation
Books
 t - a manual of Transmutations
Miscellaneous
 s - a lamp of fire
 M - a box of beasts
Comestibles
 f - 37 rations


   Skills:
 + Level 23.5 Fighting
 O Level 27 Axes
 + Level 7.5 Throwing
 + Level 17.3 Armour
 + Level 10.6 Dodging
   Level 8.3 Shields
 * Level 11.4 Evocations


You had 21 spell levels left.
You didn't know any spells.
Your spell library contained the following spells:

 Spells                   Type           Power        Failure   Level  Hunger
 Beastly Appendage        Tmut           #.....       67%         1    ##.....
 Confusing Touch          Hex            #.....       67%         1    ##.....
 Magic Dart               Conj           #...         67%         1    ##.....
 Shock                    Conj/Air       #...         67%         1    ##.....
 Sting                    Conj/Pois      #...         67%         1    ##.....
 Summon Small Mammal      Summ           #...         67%         1    ##.....
 Call Imp                 Summ           #.......     82%         2    ###....
 Passwall                 Tmut/Erth      #.......     82%         2    ###....
 Poisonous Vapours        Pois/Air       #.....       82%         2    ###....
 Searing Ray              Conj           #.....       82%         2    ###....
 Sticks to Snakes         Tmut           #.......     82%         2    ###....
 Sublimation of Blood     Necr           #.........   82%         2    ###....
 Swiftness                Chrm/Air       #.......     82%         2    ###....
 Call Canine Familiar     Summ           #.......     96%         3    ####...
 Confuse                  Hex            #.......     96%         3    ####...
 Conjure Flame            Conj/Fire      #.......     96%         3    ####...
 Dazzling Spray           Conj/Hex       #.....       96%         3    ####...
 Gell's Gravitas          Tloc           #.........   96%         3    ####...
 Ignite Poison            Fire/Tmut/Pois #.......     96%         3    ####...
 Mephitic Cloud           Conj/Pois/Air  #.......     96%         3    ####...
 Recall                   Summ/Tloc      N/A          96%         3    ####...
 Spider Form              Tmut/Pois      #.........   96%         3    ####...
 Static Discharge         Conj/Air       #.......     96%         3    ####...
 Summon Guardian Golem    Hex/Summ       #.......     96%         3    ####...
 Animate Dead             Necr           N/A          100%        4    #####..
 Cause Fear               Hex            #.........   100%        4    #####..
 Force Lance              Conj/Tloc      #.......     100%        4    #####..
 Fulminant Prism          Conj/Hex       #.........   100%        4    #####..
 Ice Form                 Ice/Tmut       #.......     100%        4    #####..
 Iskenderun's Mystic Bla  Conj           #.......     100%        4    #####..
 Leda's Liquefaction      Hex/Erth       #.........   100%        4    #####..
 Olgreb's Toxic Radiance  Pois           #.......     100%        4    #####..
 Passage of Golubria      Tloc           N/A          100%        4    #####..
 Petrify                  Tmut/Erth      #.......     100%        4    #####..
 Summon Ice Beast         Ice/Summ       #.......     100%        4    #####..
 Summon Lightning Spire   Summ/Air       #.......     100%        4    #####..
 Alistair's Intoxication  Tmut/Pois      #.......     100%        5    ######.
 Bolt of Magma            Conj/Fire/Erth #.........   100%        5    ######.
 Borgnjor's Vile Clutch   Necr/Erth      #.........   100%        5    ######.
 Irradiate                Conj/Tmut      #.........   100%        5    ######.
 Lee's Rapid Deconstruct  Erth           #.........   100%        5    ######.
 Metabolic Englaciation   Hex/Ice        #.........   100%        5    ######.
 Silence                  Hex/Air        #.........   100%        5    ######.
 Summon Forest            Summ/Tloc      #.........   100%        5    ######.
 Venom Bolt               Conj/Pois      #.........   100%        5    ######.
 Yara's Violent Unravell  Hex/Tmut       #.........   100%        5    ######.
 Bolt of Cold             Conj/Ice       #.........   100%        6    #######
 Conjure Ball Lightning   Conj/Air       #.........   100%        6    #######
 Darkness                 Hex            #.........   100%        6    #######
 Death Channel            Necr           #.........   100%        6    #######
 Deflect Missiles         Chrm/Air       #.........   100%        6    #######
 Freezing Cloud           Conj/Ice/Air   #.........   100%        6    #######
 Hydra Form               Tmut           #.........   100%        6    #######
 Invisibility             Hex            #.......     100%        6    #######
 Iron Shot                Conj/Erth      #.........   100%        6    #######
 Ozocubu's Refrigeration  Ice            #.........   100%        6    #######
 Simulacrum               Ice/Necr       #.........   100%        6    #######
 Statue Form              Tmut/Erth      #........    100%        6    #######
 Dragon Form              Tmut           #.........   100%        7    #######
 Malign Gateway           Summ/Tloc      #.........   100%        7    #######
 Monstrous Menagerie      Summ           #.........   100%        7    #######
 Ring of Flames           Chrm/Fire      #.........   100%        7    #######
 Spellforged Servitor     Conj/Summ      #.........   100%        7    #######
 Summon Greater Demon     Summ           #.........   100%        7    #######
 Discord                  Hex            #.........   100%        8    #######
 Summon Horrible Things   Summ           #.........   100%        8    #######
 Shatter                  Erth           #.........   100%        9    #######
 Tornado                  Air            #.........   100%        9    #######


Dungeon Overview and Level Annotations

Branches:
Dungeon (15/15)            Temple (1/1) D:5            Lair (6/6) D:11
  Swamp (4/4) Lair:3        Snake (4/4) Lair:3        Slime (0/5) Lair:6
    Orc (2/2) D:12            Elf (3/3) Orc:2        Vaults (0/5) D:13
 Depths (5/5) D:15
    Zot: Depths:5

Altars:
Ashenzari
Cheibriados
Dithmenos
Elyvilon
Fedhas
Hepliaklqana
Makhleb
Nemelex Xobeh
Okawaru
Ru
Sif Muna
Trog
Uskayaw
Vehumet
Wu Jian
Yredelemnul
The Shining One

Shops:
D:11 }   D:13 ?   D:15 [   Orc:1 !   Orc:2 ([*=   Elf:2 [   Snake:1 ?

Portals:
Hell: Depths:1 Depths:5
Trove: Depths:2 (give 19 scrolls of identify)

Annotations:
D:4 exclusion: downstairs
D:8 exclusion: downstairs
D:9 3 runed translucent doors, busb's ghost, novice OgWn
D:11 exclusion: downstairs
Lair:2 exclusion: downstairs
Lair:3 2 transporters
Swamp:1 1 runed translucent door, xfalz's ghost, journeyman GnSk
Swamp:2 exclusion: downstairs
Swamp:3 2 transporters, Ychix's ghost, journeyman GnSk
Swamp:4 4 exclusions
Snake:1 1 runed translucent door, Kicir's ghost, adept GnFi
Snake:2 1 runed translucent door, Liforeniyw's ghost, adept MiBe
Depths:1 1 runed translucent door


Innate Abilities, Weirdness & Mutations

You reflexively headbutt those who attack you in melee.
You have a pair of horns on your head.
You are resistant to hostile enchantments. (MR+)
You do not regenerate when monsters are visible.
You are weak. (Str -2)


Message History

* * * LOW HITPOINT WARNING * * *
The golden dragon simulacrum tramples you but does no damage.
The stone giant hits you!!
* * * LOW HITPOINT WARNING * * *
Things that are here:
a +0 shortbow; 16 arrows; an elf corpse The stone giant hits you but does no damage.
The golden dragon simulacrum misses you.
The golden dragon simulacrum claws you.
* * * LOW HITPOINT WARNING * * *
The golden dragon simulacrum freezes you!
You resist.
* * * LOW HITPOINT WARNING * * *
The golden dragon simulacrum tramples you but does no damage.
You slice the golden dragon simulacrum!!
You melt the golden dragon simulacrum.
The golden dragon simulacrum vapourises!
You slice the stone giant!! You burn the stone giant!
The stone giant hits you!!
You die...

#...(...........#
..##.###..........#
...#.............#
.................###
..........?........#
..............###
...^≈...#†#....#
.....≈.C)(#....#
.......@○))...##
#............(#
#.....≈....))##
#.......###.##
..>......#...#
#........#..##
#...#..####.#
#..#### ##.## #.##


You could see a stone giant.

Vanquished Creatures
  Jory (Depths:4)
  A caustic shrike (Depths:4)
  Nikola (Swamp:3)
  3 golden dragons (Depths:4)
  the Enchantress (Depths:3)
  Jorgrun (Swamp:3)
  2 liches (Depths:4)
  A tentacled monstrosity (Depths:4)
  A quicksilver dragon (Depths:2)
  A titan (Depths:4)
  2 deep elf master archers (Elf:3)
  4 deep elf blademasters
  The ghost of vinnietd the Tortoise, an adept HaFi of Trog (Snake:4)
  3 thorn hunters
  Gastronok (Lair:1)
  Kirke (Swamp:3)
  2 tengu reavers
  The ghost of Liforeniyw the Executioner, an adept MiBe of Trog (Snake:3)
  3 shadow dragons
  A storm dragon (Depths:2)
  5 nagarajas
  Roxanne (Elf:3)
  4 frost giants
  5 fire giants
  6 deep elf sorcerers
  A frost giant (shapeshifter) (Depths:4)
  8 deep elf elementalists (Elf:3)
  An orc warlord (Orc:2)
  3 spriggan defenders (Depths:3)
  8 very ugly things
  7 stone giants
  8 deep elf demonologists (Elf:3)
  12 deep elf annihilators
  Azrael (D:14)
  A minotaur (Gauntlet)
  7 ettins
  7 spark wasps
  5 fire dragons
  Snorg (Lair:4)
  5 deep elf high priests
  6 deep elf death magi
  A merfolk impaler (Depths:3)
  3 ogre magi
  2 yaktaur captains
  2 rakshasas (Depths:1)
  8 great orbs of eyes
  5 ice dragons
  16 naga warriors
  2 spriggan air magi (Depths:3)
  3 shambling mangroves
  22 hydras
  2 vault guards (D:13)
  2 death knights
  4 ghost crabs
  19 anacondas
  4 centaur warriors
  8 alligators
  12 two-headed ogres
  5 deep troll earth magi (Depths:2)
  4 deep troll shamans
  25 dancing weapons
  3 death yaks (Lair:4)
  5 tengu warriors
  3 orc high priests (Orc:2)
  A vampire mage (Depths:3)
  7 spriggan berserkers
  13 naga sharpshooters
  9 shock serpents
  14 deep elf knights
  Nergalle (Lair:1)
  A fire crab (D:12)
  3 salamander mystics (Snake:2)
  An iron troll (Depths:5)
  13 deep trolls
  2 spriggan druids (Swamp:4)
  A flayed ghost (Depths:4)
  2 golden dragon zombies
  4 unseen horrors
  2 skeletal warriors
  A deep troll (shapeshifter) (Depths:4)
  10 naga ritualists
  5 sea snakes (Snake:4)
  An orange crystal statue (Elf:2)
  9 swamp dragons
  6 deep elf archers
  4 orc knights (Orc:2)
  A glowing orange brain (Depths:3)
  4 large abominations
  4 wizards
  A lindwurm (Lair:6)
  A wolf spider zombie (D:15)
  10 orc sorcerers
  3 necromancers
  2 shadow dragon skeletons (Depths:1)
  12 mana vipers
  52 deep elf magi
  3 manticores
  2 moths of wrath (Snake:3)
  5 cyclopes
  14 salamanders
  7 centaur zombies
  A cyclops (shapeshifter) (Depths:2)
  An iron dragon skeleton (Depths:1)
  25 ugly things
  21 naga magi
  A guardian serpent (shapeshifter) (Elf:3)
  5 elephants (Lair:3)
  48 black mambas
  13 guardian serpents
  An elf zombie (Depths:4)
  An ice statue (IceCv)
  3 molten gargoyles (Lair:6)
  17 spiny frogs
  A spectral swamp worm (Depths:2)
  4 freezing wraiths
  2 efreet
  20 komodo dragons
  17 yaktaurs
  A tengu conjurer (Depths:2)
  A yaktaur skeleton (Depths:1)
  6 trolls
  6 meliai
  11 tyrant leeches
  23 polar bears
  13 blink frogs
  21 hornets
  11 hippogriffs
  4 bog bodies (Swamp:2)
  27 slime creatures
  2 shadows
  4 water elementals
  2 vampires
  12 spriggans
  A centaur simulacrum (D:14)
  4 hogs (Swamp:3)
  2 wraiths
  9 fire elementals
  63 yaks
  19 humans (D:13)
  2 air elementals (Elf:1)
  5 wyverns
  6 basilisks
  2 hungry ghosts
  A steam dragon (D:7)
  11 vampire mosquitoes
  12 insubstantial wisps
  3 wargs (Orc:2)
  20 swamp worms
  61 nagas
  An acid dragon (D:14)
  10 porcupines
  A water moccasin (shapeshifter) (Depths:4)
  5 hell hounds (Lair:6)
  2 soldier ants
  25 water moccasins
  4 black bears
  5 swamp drakes
  19 ice beasts
  A hornet zombie (D:13)
  3 phantoms
  5 sky beasts
  An eye of draining (D:13)
  29 orc warriors
  2 necrophages
  7 boggarts
  10 ogres
  33 wolves
  14 centaurs
  16 crocodiles
  4 big kobolds
  An earth elemental (Elf:2)
  20 bullfrogs
  A gnoll sergeant (D:11)
  2 wyvern skeletons
  A wyvern zombie (D:14)
  2 scorpions
  6 small abominations
  2 water moccasin skeletons (D:9)
  12 killer bees
  3 wights (D:10)
  8 howler monkeys
  An electric eel (Lair:4)
  2 bullfrog zombies
  4 crimson imps
  4 lava snakes (Lair:6)
  6 jellies
  2 bullfrog skeletons (D:12)
  6 centaur skeletons
  29 orc priests
  4 hounds
  5 iguanas
  35 orc wizards
  14 worker ants
  A killer bee zombie (D:6)
  A hound zombie (D:7)
  A hound skeleton (D:10)
  A worker ant zombie (D:10)
  18 gnolls
  A howler monkey skeleton (D:5)
  24 adders
  6 shadow imps
  3 white imps (D:9)
  2 oozes (D:1)
  6 worms
  3 dart slugs
  8 leopard geckos
  101 orcs
  6 bats
  4 giant cockroaches
  8 goblins
  3 hobgoblins
  9 jackals
  A quokka (D:7)
  8 ball pythons
  6 frilled lizards
  23 kobolds
  A leopard gecko skeleton (D:9)
  9 rats
  10 briar patches
  11 crawling corpses
  17 fungi
  6 plants
1736 creatures vanquished.

Vanquished Creatures (others)
  A merfolk javelineer (Depths:3)
  A spriggan air mage (Depths:3)
  A deep elf archer (Elf:2)
  2 deep elf magi
  5 yaktaurs
  A polar bear (IceCv)
  A hornet (Swamp:2)
  2 spriggans
  3 wolves (IceCv)
  A centaur (Depths:2)
  2 briar patches
  A fire vortex (Depths:1)
  6 fungi (D:11)
  9 plants
  2 withered plants (Snake:1)
38 creatures vanquished.

Grand Total: 1774 creatures vanquished

Notes
Turn   | Place    | Note
-------+----------+-------------------------------------------
     0 | D:1      | DrEnzyme the Minotaur Fighter began the quest for the Orb.
     0 | D:1      | Reached XP level 1. HP: 19/19 MP: 0/0
   191 | D:1      | Reached XP level 2. HP: 27/27 MP: 1/1
   678 | D:2      | Found a hide-covered altar of Uskayaw.
   696 | D:2      | Reached XP level 3. HP: 24/33 MP: 2/2
   764 | D:2      | Reached skill level 3 in Axes
  1349 | D:3      | Reached XP level 4. HP: 40/40 MP: 3/3
  1631 | D:3      | Reached skill level 4 in Axes
  1767 | D:3      | Found a snail-covered altar of Cheibriados.
  1848 | D:3      | Found a shadowy altar of Dithmenos.
  1854 | D:3      | Reached XP level 5. HP: 43/47 MP: 4/4
  2249 | D:4      | Found a glowing drain.
  2263 | Sewer    | Entered a sewer
  2362 | Sewer    | Found a glowing silver altar of Zin.
  2496 | D:4      | Reached skill level 5 in Axes
  2496 | D:4      | Reached skill level 5 in Shields
  2569 | D:4      | Reached XP level 6. HP: 25/53 MP: 5/5
  2810 | D:4      | Reached skill level 5 in Armour
  2860 | D:4      | Found a sacrificial altar of Ru.
  2998 | D:4      | Found a deep blue altar of Sif Muna.
  3133 | D:4      | Found the +5 robe of Night {Dark MR+ SInv}
  3369 | D:5      | Entered Level 5 of the Dungeon
  3383 | D:5      | Noticed an ice beast
  3392 | D:5      | Killed an ice beast
  3416 | D:5      | Found a basalt altar of Yredelemnul.
  3425 | D:5      | Reached skill level 5 in Fighting
  3425 | D:5      | Reached skill level 6 in Axes
  3455 | D:5      | Reached XP level 7. HP: 61/61 MP: 6/6
  3466 | D:5      | Found a staircase to the Ecumenical Temple.
  3482 | Temple   | Entered the Ecumenical Temple
  3499 | Temple   | Became a worshipper of Makhleb the Destroyer
  3978 | D:5      | Found a radiant altar of Vehumet.
  4116 | D:5      | Reached skill level 7 in Axes
  4623 | D:6      | Identified the +4 scale mail "Zoyrrousm" {+Blink rN+
                  | Regen+} (You found it on level 6 of the Dungeon)
  4678 | D:6      | Reached XP level 8. HP: 69/69 MP: 7/7
  5010 | D:6      | Reached skill level 8 in Axes
  5442 | D:7      | Noticed a hippogriff
  5453 | D:7      | Killed a hippogriff
  5453 | D:7      | Reached skill level 1 in Throwing
  5482 | D:7      | Reached * piety under Makhleb
  5528 | D:7      | Noticed a hippogriff
  5534 | D:7      | Reached skill level 9 in Axes
  5541 | D:7      | Killed a hippogriff
  5578 | D:7      | Reached XP level 9. HP: 75/75 MP: 8/8
  5818 | D:7      | Reached skill level 10 in Axes
  5848 | D:7      | Found an iron altar of Okawaru.
  5907 | D:8      | Noticed a two-headed ogre
  5909 | D:8      | Killed a two-headed ogre
  6001 | D:8      | Found a blossoming altar of Fedhas.
  6003 | D:8      | Reached ** piety under Makhleb
  6156 | D:8      | Reached skill level 11 in Axes
  6432 | D:8      | Found a glowing golden altar of the Shining One.
  6432 | D:8      | Found a hazy altar of Hepliaklqana.
  6437 | D:8      | Found an ornate altar of the Wu Jian Council.
  6442 | D:8      | Found a basalt altar of Yredelemnul.
  6457 | D:8      | Found a faded altar of an unknown god.
  6699 | D:9      | Noticed a troll
  6699 | D:9      | Noticed a two-headed ogre
  6712 | D:8      | Killed a troll
  6712 | D:8      | Reached XP level 10. HP: 44/86 MP: 9/9
  6794 | D:9      | Killed a two-headed ogre
  6794 | D:9      | Reached skill level 12 in Axes
  6916 | D:9      | Noticed a deep elf mage
  6921 | D:9      | Killed a deep elf mage
  6929 | D:9      | Reached skill level 1 in Dodging
  6932 | D:9      | Reached skill level 13 in Axes
  6961 | D:9      | Reached *** piety under Makhleb
  7142 | D:9      | Found a runed translucent gate.
  7142 | D:9      | Found a runed translucent gate.
  7142 | D:9      | Found a runed translucent gate.
  7147 | D:9      | Noticed a fire dragon
  7150 | D:9      | Noticed busb's ghost (novice OgWn)
  7192 | D:9      | Reached skill level 14 in Axes
  7282 | D:9      | Reached XP level 11. HP: 94/94 MP: 10/10
  7334 | D:9      | Reached **** piety under Makhleb
  7669 | D:10     | Entered Level 10 of the Dungeon
  8019 | D:10     | Noticed a two-headed ogre
  8024 | D:10     | Killed a two-headed ogre
  8040 | D:10     | Reached skill level 15 in Axes
  8174 | D:10     | Noticed a death knight
  8175 | D:10     | Noticed a skeletal warrior
  8191 | D:10     | Killed a death knight
  8355 | D:10     | Killed a skeletal warrior
  8738 | D:11     | Found a staircase to the Lair.
  8778 | D:11     | Reached ***** piety under Makhleb
  8778 | D:11     | Reached skill level 16 in Axes
  8784 | Lair:1   | Entered Level 1 of the Lair of Beasts
  8834 | Lair:1   | Noticed Gastronok
  8845 | Lair:1   | Killed Gastronok
  8845 | Lair:1   | Reached XP level 12. HP: 66/104 MP: 7/11
  8933 | Lair:1   | Noticed Nergalle
  8945 | Lair:1   | Killed Nergalle
  9012 | Lair:1   | Reached skill level 17 in Axes
 10200 | Lair:3   | Found a staircase to the Snake Pit.
 10217 | Lair:3   | Reached skill level 18 in Axes
 10327 | Lair:3   | Reached skill level 10 in Fighting
 10370 | Lair:3   | Found a transporter.
 10390 | Lair:3   | Noticed a four-headed hydra
 10400 | Lair:3   | Killed a one-headed hydra
 10400 | Lair:3   | Reached skill level 10 in Armour
 10425 | Lair:3   | Noticed a six-headed hydra
 10434 | Lair:3   | Killed a two-headed hydra
 10437 | Lair:3   | Found a staircase to the Swamp.
 10813 | Lair:3   | Found a transporter.
 10887 | Lair:3   | Reached XP level 13. HP: 111/114 MP: 12/12
 10895 | Lair:3   | Reached skill level 19 in Axes
 11109 | Lair:3   | You fall through a shaft!
 11410 | Lair:4   | Noticed Snorg
 11426 | Lair:4   | Killed Snorg
 12163 | Lair:5   | Found an ornate altar of the Wu Jian Council.
 12396 | Lair:5   | Identified the +1 scale mail of the Tarantula {+Blink rPois
                  | MP+9 Slay+2} (You found it on level 5 of the Lair of
                  | Beasts)
 12561 | Lair:5   | Reached skill level 20 in Axes
 13143 | Lair:6   | Entered Level 6 of the Lair of Beasts
 13160 | Lair:6   | Reached ****** piety under Makhleb
 13501 | Lair:6   | Found a staircase to the Slime Pits.
 13536 | Lair:6   | Reached skill level 5 in Dodging
 13571 | Lair:6   | Reached XP level 14. HP: 125/125 MP: 9/13
 13631 | Lair:6   | Found a large runed translucent door.
 13632 | Lair:6   | Found a large runed translucent door.
 14568 | D:11     | Found Ysoeshro's Gadget Shoppe.
 14675 | D:11     | Reached skill level 21 in Axes
 15237 | D:12     | Found a frozen archway.
 15288 | IceCv    | Entered an ice cave
 15731 | IceCv    | Noticed a frost giant
 15742 | IceCv    | Killed a frost giant
 15777 | IceCv    | Identified the Reference Book on Intoxication and Air
 16300 | D:12     | Noticed Urug
 16527 | D:12     | Found a staircase to the Orcish Mines.
 17085 | D:12     | Noticed Urug
 17085 | D:12     | Urug changed into Urug the fire crab
 17089 | D:12     | Killed Urug the fire crab
 17205 | D:12     | Found a staircase to the Orcish Mines.
 17528 | Orc:1    | Entered Level 1 of the Orcish Mines
 17652 | Orc:1    | Found Poal's Distillery.
 17665 | Orc:1    | Bought 2 potions of mutation for 288 gold pieces
 17665 | Orc:1    | Gained mutation: Armour fits poorly on your strangely
                  | shaped body. [potion of mutation]
 17665 | Orc:1    | Gained mutation: You are agile. (Dex +2) [potion of
                  | mutation]
 17665 | Orc:1    | Gained mutation: You are very agile. (Dex +4) [potion of
                  | mutation]
 17666 | Orc:1    | Lost mutation: You are very agile. (Dex +4) [potion of
                  | mutation]
 17666 | Orc:1    | Lost mutation: You are agile. (Dex +2) [potion of mutation]
 17666 | Orc:1    | Gained mutation: You do not regenerate when monsters are
                  | visible. [potion of mutation]
 17666 | Orc:1    | Gained mutation: You are frail. (-10% HP) [potion of
                  | mutation]
 17666 | Orc:1    | Gained mutation: Your spells are a little harder to cast,
                  | but a little more powerful. [potion of mutation]
 17666 | Orc:1    | Gained mutation: You have a pair of large horns on your
                  | head. [potion of mutation]
 17667 | Orc:1    | Lost mutation: Armour fits poorly on your strangely shaped
                  | body. [potion of mutation]
 17667 | Orc:1    | Lost mutation: You have a pair of large horns on your head.
                  | [potion of mutation]
 17667 | Orc:1    | Lost mutation: You are frail. (-10% HP) [potion of
                  | mutation]
 17667 | Orc:1    | Gained mutation: You are weak. (Str -2) [potion of
                  | mutation]
 17667 | Orc:1    | Lost mutation: Your spells are a little harder to cast, but
                  | a little more powerful. [potion of mutation]
 17667 | Orc:1    | Gained mutation: You are resistant to hostile enchantments.
                  | (MR+) [potion of mutation]
 17980 | Orc:2    | Entered Level 2 of the Orcish Mines
 18008 | Orc:2    | Found a staircase to the Elven Halls.
 18080 | Orc:2    | Found a gate leading to a gauntlet.
 18102 | Orc:2    | Reached XP level 15. HP: 126/137 MP: 10/14
 18126 | Gauntlet | Entered a Gauntlet
 18126 | Gauntlet | Found a transporter.
 18126 | Gauntlet | Found a transporter.
 18127 | Gauntlet | Found a transporter.
 18127 | Gauntlet | Found a transporter.
 18130 | Gauntlet | Found a transporter.
 18151 | Gauntlet | Found a transporter.
 18161 | Gauntlet | Found a transporter.
 18176 | Gauntlet | Found a transporter.
 18186 | Gauntlet | Found a transporter.
 18201 | Gauntlet | Found a transporter.
 18207 | Gauntlet | Found a transporter.
 18221 | Gauntlet | Found a transporter.
 18366 | Gauntlet | Got a heavily runed lapis lazuli ring
 18374 | Gauntlet | Identified the ring of Oneplut {rF- Str+5 Dex+3 Stlth-}
                  | (You found it in a Gauntlet)
 18464 | Gauntlet | Identified the +3 rapier "Moridoy" {pierce, rF- rC+++}
 18483 | Gauntlet | Identified Sif Muna's Papyrus of Transmutation
 18569 | Orc:2    | Noticed an orc warlord
 19109 | Orc:2    | Reached skill level 5 in Throwing
 19148 | Orc:2    | Killed an orc warlord
 19534 | Orc:2    | Found Empatoe's General Store.
 19535 | Orc:2    | Found Dumpa's Jewellery Emporium.
 19537 | Orc:2    | Found Afaerchar's Antique Armour Shoppe.
 19537 | Orc:2    | Found Utotzuz's Antique Weapon Shoppe.
 19542 | Orc:2    | Bought a scroll of brand weapon for 320 gold pieces
 19543 | Orc:2    | Bought the amulet of Isuixt {Reflect Str+2 Dex+3 Slay+2
                  | SH+4} for 687 gold pieces
 19554 | Orc:2    | Bought the ring "Xymem" {Ice rPois Str+2 SInv} for 579 gold
                  | pieces
 19557 | Orc:2    | Bought a potion of heal wounds for 80 gold pieces
 19820 | Swamp:1  | Entered Level 1 of the Swamp
 19834 | Swamp:1  | Reached skill level 22 in Axes
 19979 | Swamp:1  | Paralysed by a hornet for 1 turns
 20519 | Swamp:1  | Found a runed translucent door.
 20522 | Swamp:1  | Identified the cursed +3 trident of Nightmares {pierce,
                  | rC+}
 20528 | Swamp:1  | Noticed xfalz's ghost (journeyman GnSk)
 20922 | Swamp:2  | Noticed a thorn hunter
 21020 | Swamp:2  | Killed a thorn hunter
 21097 | Swamp:2  | Reached skill level 15 in Fighting
 21411 | Swamp:2  | Noticed a thorn hunter
 21424 | Swamp:2  | Killed a thorn hunter
 21810 | Swamp:3  | Reached XP level 16. HP: 149/149 MP: 15/15
 21819 | Swamp:3  | Noticed Kirke
 22016 | Orc:2    | Bought an uncursed ring of protection from magic for 325
                  | gold pieces
 22222 | Swamp:3  | Noticed Jorgrun
 22237 | Swamp:3  | Killed Jorgrun
 22240 | Swamp:3  | Noticed a thorn hunter
 22491 | Swamp:3  | Killed Kirke
 22652 | Swamp:3  | Identified the +11 rapier "Killer Bee's Death" {antimagic,
                  | Str+5 Dex+2}
 22660 | Swamp:3  | Found a transporter.
 22661 | Swamp:3  | Found a bloodstained altar of Trog.
 22662 | Swamp:3  | Noticed Ychix's ghost (journeyman GnSk)
 22663 | Swamp:3  | Identified the amulet "Ivvell" {Gourm rN+ Int-3 Dex+3}
 22666 | Swamp:3  | Identified the cursed +1 trident of the End {distort, +Inv
                  | +Fly MR- Str+9}
 22668 | Swamp:3  | Found a transporter.
 22677 | Swamp:3  | Killed a thorn hunter
 22847 | Swamp:3  | Noticed Nikola
 22858 | Swamp:3  | Killed Nikola
 23119 | Swamp:4  | Entered Level 4 of the Swamp
 23673 | Swamp:4  | Reached skill level 23 in Axes
 23684 | Swamp:4  | Got a decaying rune of Zot
 24010 | D:13     | Found Istruhues's Magic Scroll Shoppe.
 24040 | D:13     | Bought a scroll of summoning for 133 gold pieces
 24209 | D:13     | Found a gate to the Vaults.
 24582 | D:14     | Noticed Azrael
 24589 | D:14     | Reached XP level 17. HP: 152/161 MP: 16/16
 24593 | D:14     | Killed Azrael
 24777 | D:14     | Identified the +7 chain mail of Ru's Vengeance {Str+4}
 25595 | Snake:1  | Entered Level 1 of the Snake Pit
 25626 | Snake:1  | Reached skill level 1 in Evocations
 26002 | Snake:1  | Found a runed translucent door.
 26002 | Snake:1  | Noticed Kicir's ghost (adept GnFi)
 26177 | Snake:1  | Found Ryowown's Magic Scroll Shop.
 26476 | Orc:2    | Bought a runed plate armour for 858 gold pieces
 26527 | Orc:2    | Identified a scroll of acquirement
 26531 | Orc:2    | Found the +15 Maxwell's patent armour {-Cast -Tele rElec
                  | MR+ rCorr}
 27438 | Snake:2  | Found a runed translucent door.
 27465 | Snake:2  | Noticed Liforeniyw's ghost (adept MiBe)
 27531 | Snake:2  | Reached skill level 24 in Axes
 28044 | Snake:3  | Found a transporter.
 28048 | Snake:3  | Noticed Liforeniyw's ghost (adept MiBe)
 28356 | Snake:3  | Reached XP level 18. HP: 173/173 MP: 20/20
 28432 | Snake:3  | Found a transporter.
 28469 | Snake:3  | Killed Liforeniyw's ghost
 28588 | Snake:3  | Got a slimy platinum amulet
 28589 | Snake:3  | Identified the amulet of Kimn {Reflect Int+2 Slay+4 SH+2}
                  | (You found it on level 3 of the Snake Pit)
 28641 | Snake:3  | Identified Doehyquo's Compendium of Hurtful Contamination
 28798 | Snake:4  | Entered Level 4 of the Snake Pit
 28972 | Snake:4  | Reached skill level 5 in Evocations
 29130 | Snake:4  | Found a runed translucent door.
 29131 | Snake:4  | Noticed vinnietd's ghost (adept HaFi)
 29161 | Snake:4  | Killed vinnietd's ghost
 29651 | Snake:4  | Reached skill level 15 in Armour
 29865 | Snake:4  | Got a serpentine rune of Zot
 30076 | D:15     | Entered Level 15 of the Dungeon
 30094 | D:15     | Found Ireskyto's Armour Emporium.
 30362 | D:15     | Found a staircase to the Depths.
 30546 | D:15     | Reached XP level 19. HP: 184/184 MP: 23/23
 30813 | D:15     | Identified the +0 pair of boots of Freedom {rF+ rC+ MR+
                  | Regen+} (You acquired it on level 15 of the Dungeon)
 30878 | Depths:1 | Entered Level 1 of the Depths
 31042 | Depths:1 | Found a runed translucent door.
 31072 | Depths:1 | Found a gateway to Hell.
 31091 | Depths:1 | Reached skill level 25 in Axes
 31673 | Elf:1    | Entered Level 1 of the Elven Halls
 32125 | Elf:1    | You fall through a shaft!
 32237 | Elf:2    | Found a huge runed translucent gate.
 32238 | Elf:2    | Found a huge runed translucent gate.
 32239 | Elf:2    | Found a huge runed translucent gate.
 32287 | Elf:2    | Found a huge runed translucent gate.
 32288 | Elf:2    | Found a huge runed translucent gate.
 32592 | Elf:2    | Found Dikazeno's Armour Shoppe.
 33039 | Elf:3    | Entered Level 3 of the Elven Halls
 33050 | Elf:3    | Noticed Roxanne
 33063 | Elf:3    | Killed Roxanne
 33560 | Elf:3    | Reached XP level 20. HP: 159/198 MP: 25/25
 33692 | Elf:3    | HP: 8/198 [deep elf master archer/arrow (4)]
 33705 | Elf:3    | HP: 2/198 [deep elf annihilator/iron shot (53)]
 33713 | Elf:3    | HP: 6/198 [deep elf annihilator/poison arrow (15)]
 34005 | Elf:3    | Found the +4 skin of Zhor {Hibernate rC+++ SInv}
 34006 | Elf:3    | Got a clouded ivory ring
 34012 | Elf:3    | Identified the ring of Raufrodd {rPois rN+ Int+3 Dex-3}
                  | (You found it on level 3 of the Elven Halls)
 34037 | Elf:3    | Found the +2 pair of boots of the Assassin {Detection Stab+
                  | Stlth++}
 34057 | Elf:3    | Got a transparent turquoise ring
 34058 | Elf:3    | Identified the ring "Ilipp" {rPois Str+2} (You found it on
                  | level 3 of the Elven Halls)
 34135 | Elf:3    | Identified Bipuop's Catalogue of the Escort
 34830 | D:15     | Bought the +6 chain mail of the Lost Path {rF+ rC+ MR-
                  | Int+3} for 1094 gold pieces
 34944 | Depths:2 | Reached skill level 10 in Dodging
 34988 | Depths:2 | Got a warped scale mail
 34999 | Depths:2 | Identified the +4 scale mail of Happiness {*Drain rElec rC+
                  | Int+9} (You found it on level 2 of the Depths)
 35059 | Depths:2 | Found a portal to a secret trove of treasure.
 35107 | Depths:2 | Reached skill level 26 in Axes
 35345 | Depths:2 | Paralysed by a floating eye for 4 turns
 35356 | Depths:2 | Reached skill level 10 in Evocations
 35426 | Depths:2 | Reached XP level 21. HP: 209/209 MP: 27/27
 35635 | Depths:3 | Identified the +1 faerie dragon scales {Regen+ rCorr MP+3}
 35635 | Depths:3 | Noticed the Enchantress
 35639 | Depths:3 | Identified the cursed +2 lajatang of Melee {drain, +Inv
                  | MP+9}
 35666 | Depths:3 | Killed the Enchantress
 35927 | Depths:3 | You fall through a shaft for 2 floors!
 35927 | Depths:5 | Entered Level 5 of the Depths
 36134 | Depths:4 | Noticed a caustic shrike
 36136 | Depths:4 | Noticed a golden dragon
 36136 | Depths:4 | Noticed a golden dragon
 36136 | Depths:4 | Noticed a golden dragon
 36144 | Depths:4 | Noticed Jory
 36153 | Depths:4 | Killed a golden dragon
 36164 | Depths:4 | Killed a golden dragon
 36165 | Depths:4 | Killed a golden dragon
 36174 | Depths:4 | Killed a caustic shrike
 36213 | Depths:4 | Killed Jory
 36253 | Depths:4 | Noticed a caustic shrike
 36253 | Depths:4 | a shadow dragon changed into a caustic shrike
 36254 | Depths:4 | a caustic shrike changed into a frost giant
 36266 | Depths:4 | Reached skill level 27 in Axes
 36270 | Depths:4 | Reached XP level 22. HP: 78/220 MP: 29/29
 36273 | Depths:4 | Mangled by a stone giant

Skill      XL: |  1  2  3  4  5  6  7  8  9 10 11 12 13 14 15 16 17 18 19 20 21 |
---------------+----------------------------------------------------------------+-----
Armour         | 4 5 6 7 8 9 10 11 12 13 14 15 16 17 | 17.3
Fighting       | 4 5 6 7 9 10 11 13 15 17 18 19 21 22 23 | 23.5
Shields        | 4 5 6 7 8 |  8.3
Axes           | 3 4 5 6 7 9 11 14 16 18 20 21 22 23 24 25 26 27 | 27.0
Throwing       | 1 3 4 7 |  7.5
Dodging        | 1 3 4 5 6 7 9 10 | 10.6
Evocations     | 4 6 8 10 11 | 11.4

Action                   |  1- 3 |  4- 6 |  7- 9 | 10-12 | 13-15 | 16-18 | 19-21 | 22-24 || total
-------------------------+-------+-------+-------+-------+-------+-------+-------+-------++-------
Melee: War axe           |    92 |   149 |   186 |       |       |       |       |       ||   427
       Headbutt          |    12 |    21 |    43 |    87 |   239 |   270 |   274 |       ||   946
       Battleaxe         |       |       |    24 |   443 |  1125 |  1091 |   992 |     1 ||  3676
Throw: Javelin           |       |       |    39 |     3 |   153 |       |       |       ||   195
 Abil: Evoke Invisibilit |       |       |       |       |       |       |     3 |       ||     3
Evoke: Wand              |       |       |       |       |     6 |     5 |     2 |       ||    13
  Use: Scroll            |       |     7 |     6 |     9 |    17 |    10 |     9 |       ||    58
       Potion            |       |       |     1 |     3 |    13 |     4 |    19 |       ||    40
 Stab: Sleeping          |       |       |     1 |       |       |       |       |       ||     1
       Confused          |       |       |       |       |     1 |     3 |       |       ||     4
       Invisible         |       |       |       |       |       |       |    12 |       ||    12
       Distracted        |       |       |       |       |       |       |     1 |       ||     1
  Eat: Chunk             |     1 |     4 |    11 |     7 |    29 |    19 |    10 |       ||    81
       Ration            |       |     1 |       |     3 |     2 |     3 |     3 |       ||    12
Armor: Scale mail        |    33 |    47 |    84 |   226 |   547 |   249 |       |       ||  1186
       Plate armour      |       |    19 |    12 |       |       |   379 |   307 |       ||   717
       Robe              |       |       |     5 |       |       |       |       |       ||     5
       Chain mail        |       |       |       |       |       |       |   117 |       ||   117
       Fire dragon scale |       |       |       |       |       |       |   145 |     4 ||   149
Dodge: Dodged            |    14 |    40 |    59 |   218 |   610 |   682 |   488 |     1 ||  2112
Block: Shield            |    52 |    94 |   128 |       |       |       |       |       ||   274
       Other             |       |       |       |       |    23 |   174 |   147 |       ||   344
       Reflection        |       |       |       |       |       |    16 |    24 |       ||    40
